 Dungeon Crawl Stone Soup version 0.30-a0-824-g6c64550be9 (webtiles) character file.

Game seed: 11343044720909937369

4206 Zombeaver the Cleaver (level 10, -1/88 HPs)
             Began as a Minotaur Berserker on Feb 27, 2023.
             Was a High Priest of Trog.
             Slain by an ice beast (9 damage)
             ... on level 8 of the Dungeon.
             The game lasted 00:43:23 (8225 turns).

Zombeaver the Cleaver (Minotaur Berserker)          Turns: 8225, Time: 00:43:23

Health: -1/88      AC: 16    Str: 23    XL:     10   Next: 8%
Magic:  0/9        EV:  8    Int:  4    God:    Trog [*****.]
Gold:   274        SH:  0    Dex: 13    Spells: 9/9 levels left

rFire   . . .      SeeInvis .    K - +2 broad axe (flame)
rCold   . . .      Faith    .    (no shield)
rNeg    . . .      Spirit   .    k - +0 plate armour
rPois   .          Reflect  .    (helmet restricted)
rElec   .          Harm     .    l - +0 cloak
rCorr   .          Rampage  .    u - +0 pair of gloves {infuse}
Will    ++...                    (no boots) Stlth
                                 (no amulet)
HPRegen 1.34/turn                (no ring)
MPRegen 0.11/turn                (no ring)

@: strong-willed, regenerating
A: horns 2, retaliatory headbutt
a: Renounce Religion, Berserk, Trog's Hand, Brothers in Arms


You were on level 8 of the Dungeon.
You worshipped Trog.
Trog was extremely pleased with you.
You visited 2 branches of the dungeon, and saw 9 of its levels.
You also visited: Sewer.

You collected 476 gold pieces.
You spent 202 gold pieces at shops.

Inventory:

Hand Weapons
 E - a +1 dagger of venom
 F - a +2 war axe of flaming
 I - a +4 war axe
 K - a +2 broad axe of flaming (weapon)
 L - a +0 arbalest
 M - a +2 dagger of draining
Missiles
 i - 19 poisoned darts (quivered)
 D - a throwing net
Armour
 k - a +0 plate armour (worn)
 l - a +0 cloak (worn)
 u - a +0 pair of gloves of infusion (worn)
 G - a +0 ring mail of fire resistance
Wands
 y - a wand of charming (8)
 C - a wand of flame (14)
 H - a wand of light (4)
Scrolls
 a - 2 scrolls of enchant weapon {unknown}
 b - a scroll of enchant armour {unknown}
 d - 3 scrolls of identify
 e - 2 scrolls of magic mapping
 g - 2 scrolls of poison {unknown}
 j - a scroll of fog {unknown}
 o - 5 scrolls of teleportation
 p - 3 scrolls of amnesia {unknown}
 q - a scroll of blinking {unknown}
 w - a scroll of brand weapon {unknown}
 x - a scroll of butterflies {unknown}
 A - a scroll of torment {unknown}
 J - a scroll of immolation {unknown}
Potions
 c - a potion of haste {unknown}
 f - a potion of ambrosia {unknown}
 h - 3 potions of heal wounds {unknown}
 m - 7 potions of flight
 n - 2 potions of invisibility
 r - a potion of curing {unknown}
 s - a potion of attraction {unknown}
 t - a potion of cancellation {unknown}
 v - a potion of lignification {unknown}
 z - a potion of magic {unknown}
 B - a potion of brilliance {unknown}


   Skills:
 * Level 7.8 Fighting
 * Level 11.2 Axes
 * Level 0.8 Ranged Weapons
 * Level 4.0 Throwing
 * Level 7.5 Armour
 * Level 5.2 Dodging
 * Level 3.5 Stealth
 * Level 2.6 Evocations


You had 9 spell levels left.
You didn't know any spells.
Your spell library was empty.

Dungeon Overview and Level Annotations

Branches:
Dungeon (8/15)             Temple (1/1) D:6           Sewer (visited)
   Lair: D:8-11

Altars:
Gozag
Nemelex Xobeh
Ru

Shops:
D:3 [   D:8 (

Annotations:
D:8 2 runed translucent doors


Innate Abilities, Weirdness & Mutations

You have a pair of horns on your head.
You reflexively headbutt those who attack you in melee.


Message History

Trog accepts your kill.
A centaur comes into view.
You barely miss the gnoll.
The centaur shouts!
The gnoll closely misses you.
You barely miss the gnoll. Your headbutt misses the gnoll.
The gnoll barely misses you.
You slash the gnoll! You burn the gnoll.
You kill the gnoll!
Trog accepts your kill.
The centaur wields a +0 shortbow.
The centaur shoots an arrow.
The arrow hits you but does no damage.
The centaur shoots an arrow.
The arrow hits you!
* * * LOW HITPOINT WARNING * * *
Your Throwing skill increases to level 4!
An ice beast comes into view.
The centaur unwields a +0 shortbow.
The centaur hits you but does no damage.
The centaur barely misses you.
Items here: ))) ††††.
You slash the centaur! You burn the centaur.
The centaur is almost dead.
The centaur hits you but does no damage.
The centaur kicks you but does no damage.
The centaur hits you.
* * * LOW HITPOINT WARNING * * *
The centaur kicks you.
* * * LOW HITPOINT WARNING * * *
You barely miss the centaur.
The centaur is almost dead.
The centaur hits you but does no damage.
The centaur kicks you but does no damage.
You closely miss the centaur.
The centaur is almost dead.
You closely miss the ice beast. The centaur barely misses you.
The centaur kicks you but does no damage.
The ice beast hits you.
* * * LOW HITPOINT WARNING * * *
The ice beast freezes you!
You die...

....#######....#.#8
...............#.#8
...............#.##
#######'########.##
#.........<........
#.####.#.#.##.....#
#.#....#.#......... .
#)#.#........#...#. #.
#)@c..##.#.#.#..... .B#
###Y####.#.#.#<...# hg
#.####.#........#
...##.##........#.....##
..g.g..................
...##..##....... ..
.g... ....... ####+#
....... #..#+#.


You could see an ice beast and a centaur.

Vanquished Creatures
  A boulder beetle (D:8)
  Grinder (D:3)
  Sigmund (D:3)
  A water moccasin (D:3)
  2 black bears (D:7)
  An ice beast (D:5)
  An orc warrior (D:7)
  3 ogres
  A centaur (D:7)
  5 phantoms
  A gnoll sergeant (D:8)
  3 scorpions
  A bullfrog (D:7)
  A necrophage (D:6)
  10 wights
  A howler monkey (D:8)
  7 orc priests
  2 hounds
  3 jellies
  A gnoll bouda (D:6)
  Jessica (D:2)
  3 iguanas (D:6)
  Ijyb (D:3)
  5 orc wizards
  9 gnolls
  13 adders
  4 river rats (Sewer)
  3 shadow imps
  2 white imps (D:6)
  2 ufetubi (D:6)
  2 worms (Sewer)
  3 dart slugs
  40 orcs
  7 ball pythons
  21 bats
  10 endoplasms
  11 giant cockroaches
  8 goblins
  7 hobgoblins
  2 jackals (Sewer)
  9 quokkas
  7 frilled lizards
  7 kobolds
  4 rats
228 creatures vanquished.

Vanquished Creatures (others)
  2 orc wizards
2 creatures vanquished.

Grand Total: 230 creatures vanquished

Notes
Turn   | Place    | Note
-------+----------+-------------------------------------------
     0 | D:1      | Zombeaver the Minotaur Berserker began the quest for the
                  | Orb.
     0 | D:1      | Reached XP level 1. HP: 19/19 MP: 0/0
   140 | D:1      | Reached XP level 2. HP: 27/27 MP: 1/1
   155 | D:1      | Reached skill level 4 in Axes
   549 | D:1      | Reached ** piety under Trog
   550 | D:1      | Reached XP level 3. HP: 33/33 MP: 2/2
   830 | D:2      | Noticed an eye of devastation
   832 | D:2      | Found a faded altar of an unknown god.
   833 | D:2      | Noticed a shining eye
   833 | D:2      | Noticed a shining eye
   833 | D:2      | Noticed a shining eye
   833 | D:2      | Noticed Jessica
   862 | D:2      | Killed Jessica
   937 | D:2      | Reached XP level 4. HP: 40/41 MP: 3/3
  1166 | D:2      | Identified the amulet of the Burgomaster {Faith Regen+}
  1397 | D:3      | Reached skill level 5 in Axes
  1421 | D:3      | Found a glowing drain.
  1437 | D:3      | Reached XP level 5. HP: 44/47 MP: 4/4
  1440 | Sewer    | Entered a sewer
  1458 | Sewer    | Reached *** piety under Trog
  1798 | Sewer    | Reached skill level 1 in Stealth
  1804 | Sewer    | Reached skill level 5 in Fighting
  1839 | Sewer    | Reached skill level 1 in Throwing
  2073 | D:3      | Noticed Ijyb
  2090 | D:3      | Killed Ijyb
  2091 | D:3      | Reached skill level 6 in Axes
  2091 | D:3      | Reached XP level 6. HP: 6/56 MP: 5/5
  2328 | D:3      | Found a sacrificial altar of Ru.
  2331 | D:3      | Noticed Grinder
  2350 | D:3      | Paralysed by Grinder for 4 turns
  2359 | D:3      | Killed Grinder
  2448 | D:3      | Noticed a water moccasin
  2458 | D:3      | Killed a water moccasin
  2459 | D:3      | Reached XP level 7. HP: 51/61 MP: 6/6
  2517 | D:3      | Found Hocvoici's Antique Armour Shoppe.
  2522 | D:3      | Noticed Sigmund
  2537 | D:3      | Killed Sigmund
  2537 | D:3      | Reached **** piety under Trog
  2538 | D:3      | Reached skill level 7 in Axes
  2593 | D:3      | Bought a pair of glowing gloves for 202 gold pieces
  2755 | D:3      | Found an opulent altar of Gozag.
  4142 | D:5      | Entered Level 5 of the Dungeon
  4246 | D:5      | Reached skill level 5 in Armour
  4413 | D:5      | Reached XP level 8. HP: 54/70 MP: 3/7
  4507 | D:5      | Reached skill level 8 in Axes
  5295 | D:5      | Identified the +0 robe "Vaheacwa" {Harm Str+3 Slay+3}
  5552 | D:6      | Reached skill level 1 in Evocations
  5609 | D:6      | Reached skill level 9 in Axes
  5776 | D:6      | Reached ***** piety under Trog
  5994 | D:6      | Reached XP level 9. HP: 75/78 MP: 3/8
  6159 | D:6      | Found a staircase to the Ecumenical Temple.
  6208 | Temple   | Entered the Ecumenical Temple
  6460 | D:6      | Identified the +4 spear of the Lesser Evil {vamp, Will+
                  | Int+2}
  7121 | D:7      | Reached skill level 10 in Axes
  7311 | D:7      | Received a gift from Trog
  7575 | D:7      | Reached skill level 5 in Dodging
  8121 | D:8      | Found Haleath's Firing Range.
  8157 | D:8      | Found a runed translucent door.
  8159 | D:8      | Found a runed translucent door.
  8183 | D:8      | Noticed a boulder beetle
  8216 | D:8      | Killed a boulder beetle
  8217 | D:8      | Reached skill level 11 in Axes
  8217 | D:8      | Reached XP level 10. HP: 13/88 MP: 0/9
  8225 | D:8      | Slain by an ice beast

Illustrated notes

Levels and vault maps discovered:
D:1:      co_arrival_square_in_a_square_in_a_square, layout_loops_ring,
          minmay_misc_feat_encased, minmay_pentomino_v2
D:2:      layout_rooms, hellmonk_ecumenical_altar_watching_god,
          minmay_crystal_water, minmay_cut_off, uniq_jessica
D:3:      layout_basic, grunt_gozag_breadcrumbs, hangedman_ru_absence,
          portal_sewer_entry_f, serial_shops, nicolae_shop_hallway_stairs,
          minmay_hedge_maze, uniq_ijyb, uniq_grinder, uniq_sigmund
D:4:      layout_loops_cross
D:5:      layout_cave_pods, chequers_serial_rivers_large_a
D:6:      layout_loops_corners, minmay_temple_entry_junction,
          grunt_ministairs_3, minmay_between
D:7:      layout_basic, grunt_ministairs_5
D:8:      lemuel_insect_pit, layout_basic, grunt_temple_overflow_open,
          okawaru_ov_weapons_minmay, serial_shops,
          nicolae_shop_overgrown_old_shop, nicolae_shop_firing_range
Temple:   nicolae_temple_bog_church

Skill      XL: |  1  2  3  4  5  6  7  8  9 10 |
---------------+-------------------------------+-----
Fighting       | 4 5 6 7 |  7.8
Axes           | 4 5 6 7 9 11 | 11.2
Armour         | 3 4 5 6 7 |  7.5
Dodging        | 3 4 5 |  5.2
Stealth        | 1 2 3 |  3.5
Throwing       | 1 2 3 4 |  4.0
Evocations     | 1 2 |  2.6
Ranged Weapons | |  0.8

Action                     |  1- 3 |  4- 6 |  7- 9 | 10-12 || total
---------------------------+-------+-------+-------+-------++-------
  Melee: Hand axe          |    70 |   186 |    93 |       ||   349
         Headbutt          |     8 |    13 |    57 |     2 ||    80
         Punch             |     1 |       |     2 |       ||     3
         War axe           |       |       |   173 |       ||   173
         Broad axe         |       |       |    28 |     8 ||    36
   Fire: Arbalest          |       |       |     1 |       ||     1
  Throw: Dart              |       |       |     5 |       ||     5
 Invoke: Trog's Hand       |       |       |     2 |       ||     2
    Use: Potion            |       |     1 |       |       ||     1
         Scroll            |       |       |     2 |       ||     2
   Stab: Sleeping          |     2 |       |       |       ||     2
 Armour: Animal skin       |    15 |       |       |       ||    15
         Leather armour    |    14 |       |       |       ||    14
         Plate armour      |       |   167 |   165 |     7 ||   339
  Dodge: Dodged            |    38 |    97 |   112 |     5 ||   252

Table legend: (Time is in decaauts)
 A = Elapsed time spent in this place.
 B = Non-inter-level travel time spent in this place.
 C = Inter-level travel time spent in this place.
 D = Time resting spent in this place.
 E = Time spent auto-exploring this place.
 F = Levels seen in this place.
 G = Mean time per level.
                   A        B        C        D        E       F      G
               +--------+--------+--------+--------+--------+-----+--------+
         Total |   8435 |   8435 |      0 |    571 |   4861 |  10 |  843.5 |
       Dungeon |   7548 |   7548 |      0 |    500 |   4630 |   8 |  943.5 |
        Temple |     72 |     72 |      0 |     71 |      0 |   1 |   72.0 |
         Sewer |    813 |    813 |      0 |      0 |    231 |   1 |  813.0 |
               +--------+--------+--------+--------+--------+-----+--------+

Top non-repeatable levels by time:
     D:6: 1496 daAuts
     D:3: 1388 daAuts
     D:5: 1359 daAuts
     D:7: 993 daAuts
     D:1: 819 daAuts
   Sewer: 813 daAuts
     D:4: 810 daAuts
     D:2: 557 daAuts
     D:8: 123 daAuts
  Temple: 72 daAuts
